 Dungeon Crawl Stone Soup version 0.28-a0-425-gd0eccab798 (webtiles) character file.

Game seed: 7354570361054135874

113 CraigForest the Shield-Bearer (level 4, -4/45 HPs)
             Began as a Troll Fighter on Sept 9, 2021.
             Was a Follower of the Shining One.
             Slain by a gnoll (8 damage)
             ... on level 3 of the Dungeon.
             The game lasted 00:05:11 (1875 turns).

CraigForest the Shield-Bearer (Troll Fighter)       Turns: 1875, Time: 00:05:11

Health: -4/45      AC:  4    Str: 24    XL:     4   Next: 65%
Magic:  3/3        EV: 12    Int:  4    God:    the Shining One [*.....]
Gold:   26         SH:  0    Dex: 10    Spells: 3/3 levels left

rFire   . . .      SeeInvis .   a - +0 flail
rCold   . . .      Faith    .   c - +0 kite shield
rNeg    . . .      Spirit   .   p - +0 robe
rPois   .          Reflect  .   (helmet restricted)
rElec   .          Harm     .   (no cloak)
rCorr   .          Rampage  .   (gloves unavailable)
Will    .....                   (boots unavailable)
Stlth   +.........              (no amulet)
HPRegen 1.15/turn               n - +4 ring of evasion
MPRegen 0.08/turn               (no ring)

@: confused, very slightly contaminated, glowing, invisible (but backlit and
visible)
A: large, unfitting armour, claws 3, regeneration 1, shaggy fur 1, tough skin 1
a: Renounce Religion


You were on level 3 of the Dungeon.
You worshipped the Shining One.
The Shining One was aware of your devotion.
You visited 1 branch of the dungeon, and saw 3 of its levels.

You collected 26 gold pieces.

Inventory:

Hand Weapons
 a - a +0 flail (weapon)
 k - a +0 whip
Missiles
 l - 95 stones (quivered)
Armour
 c - a +0 kite shield (worn)
 p - a +0 robe (worn)
Jewellery
 n - a +4 ring of evasion (left claw)
Scrolls
 e - a scroll of fear {unknown}
 g - 2 scrolls of identify {unknown}
 h - a scroll of silence {unknown}
 i - a scroll of enchant armour {unknown}
 m - a scroll of immolation {unknown}
Potions
 d - a potion of might
 j - a potion of flight {unknown}
 o - a potion of heal wounds


   Skills:
 - Level 3.0 Fighting
 - Level 2.0 Maces & Flails
 - Level 3.0 Dodging
 + Level 3.6 Shields


You had 3 spell levels left.
You didn't know any spells.
Your spell library was empty.

Dungeon Overview and Level Annotations

Branches:
Dungeon (3/15)

Altars:
The Shining One


Innate Abilities, Weirdness & Mutations

You are too large for most types of armour.
You have claws for hands.
Your natural rate of healing is unusually fast.
You are covered in fur. (AC +1)
You have tough skin. (AC +1)


Message History

The gnoll hits you but does no damage.
The orc wizard hits you but does no damage.
You thump the orc wizard!
The orc wizard is heavily wounded.
The gnoll closely misses you. You block the gnoll's attack.
The gnoll closely misses you.
The orc wizard hits you but does no damage.
The gnoll hits you but does no damage.
The gnoll hits you from afar with a +0 spear.
The gnoll hits you with a +0 flail!
You closely miss the orc wizard.
The orc wizard is heavily wounded.
The orc wizard gestures at you while chanting.
You are confused.
The gnoll hits you from afar with a +0 spear. x2
* * * LOW HITPOINT WARNING * * *
The gnoll hits you with a +0 flail!
* * * LOW HITPOINT WARNING * * *
The orc wizard barely misses you.
It was a potion of heal wounds.
You feel much better.
The gnoll hits you from afar with a +0 spear.
The gnoll barely misses you. The gnoll misses you.
The orc wizard hits you but does no damage.
It was a potion of invisibility.
You become transparent, but the glow from your halo prevents you from becoming completely invisible.
The gnoll closely misses you.
The gnoll hits you from afar with a +0 spear.
The gnoll barely misses you. The orc wizard barely misses you.
You are very lightly contaminated with residual magic.
The gnoll hits you with a +0 spear. x2; The gnoll closely misses you.
You hit the orc wizard.
The orc wizard is heavily wounded.
The gnoll hits you but does no damage. The gnoll hits you with a +0 spear!
* * * LOW HITPOINT WARNING * * *
The gnoll hits you with a +0 flail.
* * * LOW HITPOINT WARNING * * *
The gnoll hits you with a +0 spear.
* * * LOW HITPOINT WARNING * * *
The gnoll hits you with a +0 spear!
You die...

#.##........# #....#
#.##........# #....#
#.#....(....# #....#
#.#.........###....#
#.............#....#
.####......###........#
...........# #........#
####.......# #...).####
####.......# #.g@g.#
.....#.##### #..go.#
######.# #.....#
####### #.# #.....#
#.....# #.# #.....#
#.#...# #.#
###.##########.#.#.#
#.# #.# #.............
#.# #.###.######.#...#
##.#######
#..........g....##


You could see an orc wizard (invisible) and 3 gnolls.

Vanquished Creatures
  An orc wizard (D:3)
  A gnoll (D:3)
  An adder (D:3)
  4 dart slugs
  3 orcs (D:3)
  5 bats
  2 endoplasms (D:2)
  3 giant cockroaches
  3 goblins
  9 hobgoblins
  7 jackals
  2 quokkas
  2 ball pythons (D:1)
  3 kobolds
  6 rats
52 creatures vanquished.

Notes
Turn   | Place    | Note
-------+----------+-------------------------------------------
     0 | D:1      | CraigForest the Troll Fighter began the quest for the Orb.
     0 | D:1      | Reached XP level 1. HP: 22/22 MP: 0/0
    65 | D:1      | Found a faded altar of an unknown god.
    88 | D:1      | Became a worshipper of the Shining One
    88 | D:1      | Reached * piety under the Shining One
   169 | D:1      | Reached XP level 2. HP: 29/29 MP: 1/1
   741 | D:1      | Reached XP level 3. HP: 36/36 MP: 2/2
  1693 | D:3      | Reached XP level 4. HP: 43/45 MP: 3/3
  1875 | D:3      | Slain by a gnoll

Illustrated notes

Levels and vault maps discovered:
D:1:      scummos_arrival_gate, layout_basic, ebering_ecumenical_altar_webs
D:2:      layout_basic, minivault_4
D:3:      layout_basic

Skill      XL: |  1  2  3 |
---------------+----------+-----
Maces & Flails | 2 |  2.0
Fighting       | 3 |  3.0
Shields        | 3 |  3.6
Dodging        | 3 |  3.0

Action                   |  1- 3 |  4- 6 || total
-------------------------+-------+-------++-------
Melee: Flail             |   102 |    22 ||   124
  Use: Potion            |       |     2 ||     2
Armor: Robe              |    37 |     9 ||    46
Dodge: Dodged            |    58 |    40 ||    98
Block: Kite shield       |    48 |    14 ||    62

Table legend: (Time is in decaauts)
 A = Elapsed time spent in this place.
 B = Non-inter-level travel time spent in this place.
 C = Inter-level travel time spent in this place.
 D = Time resting spent in this place.
 E = Time spent auto-exploring this place.
 F = Levels seen in this place.
 G = Mean time per level.
                   A        B        C        D        E       F      G
               +--------+--------+--------+--------+--------+-----+--------+
         Total |   1936 |   1880 |     56 |      0 |   1346 |   3 |  645.3 |
       Dungeon |   1936 |   1880 |     56 |      0 |   1346 |   3 |  645.3 |
               +--------+--------+--------+--------+--------+-----+--------+

Top non-repeatable levels by time:
     D:1: 1057 daAuts
     D:2: 657 daAuts
     D:3: 221 daAuts
